 Dungeon Crawl Stone Soup version 0.30.0-5-g1a98f26d00 (webtiles) character file.

Game seed: 10253855713393481557

155 destino the Firebug (level 5, -2/38 HPs)
             Began as a Draconian Fire Elementalist on May 11, 2023.
             Killed from afar by Ijyb (18 damage)
             ... with a bolt of light
             ... on level 3 of the Dungeon.
             The game lasted 00:07:27 (3292 turns).

destino the Firebug (Draconian Fire Elementalist)   Turns: 3292, Time: 00:07:28

Health: -2/38      AC:  5    Str: 11    XL:     5   Next: 14%
Magic:  1/8        EV: 12    Int: 17    God:
Gold:   102        SH:  0    Dex: 11    Spells: 2/8 levels left

rFire   . . .        (no weapon)
rCold   . . .        (no shield)
rNeg    . . .        (body armour unavailable)
rPois   .            (helmet restricted)
rElec   .            (no cloak)
rCorr   .            (no gloves)
SInv    .            (no boots)
Will    .....        (no amulet)
Stlth   ++           (no ring)
HPRegen 0.26/turn    (no ring)
MPRegen 0.11/turn

%: no passive effects
@: brilliant
A: AC +5, unfitting armour, cold-blooded
a: no special abilities


You were on level 3 of the Dungeon.
You visited 1 branch of the dungeon, and saw 3 of its levels.

You collected 102 gold pieces.

Inventory:

Missiles
 g - 2 javelins
Armour
 b - a +0 buckler
Scrolls
 d - 2 scrolls of fog {unknown}
 f - a scroll of teleportation {unknown}
 h - 2 scrolls of identify {unknown}
 i - a scroll of magic mapping {unknown}
 j - a scroll of enchant weapon {unknown}
 m - a scroll of blinking {unknown}
 o - a scroll of summoning {unknown}
Potions
 a - a potion of magic
 e - a potion of haste {unknown}
 k - a potion of resistance {unknown}
 l - a potion of lignification {unknown}
 n - a potion of curing {unknown}


   Skills:
 - Level 2.0 Dodging
 - Level 2.0 Stealth
 - Level 2.0 Spellcasting
 + Level 3.2 Conjurations
 + Level 1.4 Translocations
 + Level 4.3 Fire Magic


You had 2 spell levels left.
You knew the following spells:

 Your Spells              Type           Power      Damage    Failure   Level
a - Foxfire               Conj/Fire      84%        2x1d8     4%          1
b - Scorch                Fire           48%        2d7       4%          2
c - Volatile Blastmotes   Fire/Tloc      34%        2d12      19%         3

Your spell library contained the following spells:

 Spells                   Type           Power      Damage    Failure   Level
 Sting                    Tmut/Pois      8%         1d3       19%         1
 Poisonous Vapours        Pois/Air       4%         N/A       28%         2
 Inner Flame              Hex/Fire       13%        N/A       24%         3
 Flame Wave               Conj/Fire      21%        2d8       38%         4
 Olgreb's Toxic Radiance  Pois           2%         N/A       88%         4


Dungeon Overview and Level Annotations

Branches:
Dungeon (3/15)

Altars:

Annotations:
D:3 Ijyb


Innate Abilities, Weirdness & Mutations

Your plain brown scales are hard. (AC +5)
You cannot fit into any form of body armour.
You are cold-blooded and may be slowed by cold attacks.


Message History

The foxfire hits Ijyb but does no damage.
Ijyb is lightly wounded.
Casting: Foxfire (safe; 4% risk of failure)
Confirm with . or Enter, or press ? or * to list all spells.
Okay, then.
Casting: Foxfire (safe; 4% risk of failure)
Confirm with . or Enter, or press ? or * to list all spells.
The spell is quite dangerous to miscast (19% risk of failure)!
Continue anyway?
A cloud of volatile blastmotes flares up around you!
Ijyb zaps a wand.
The bolt of light hits you!!
You are confused.
You bump into the rock wall.
Ijyb zaps a wand.
The bolt of light hits you!
Okay, then.
It was a potion of brilliance.
You feel clever all of a sudden.
You feel less confused. Ijyb screams, "I dance on your bones!"
Okay, then.
The cloud of blastmotes explodes!
The concussive blast engulfs Ijyb.
Ijyb resists.
Ijyb is moderately wounded.
Ijyb zaps a wand.
The bolt of light misses you.
There is a stone staircase leading down here.
There is a stone staircase leading up here.
You are too injured to fight recklessly!
Casting: Volatile Blastmotes (quite dangerous; 19% risk of failure)
Confirm with . or Enter, or press ? or * to list all spells.
You feel a surge of power!
You conjure some foxfire!
Casting: Foxfire (safe; 4% risk of failure)
Confirm with . or Enter, or press ? or * to list all spells.
You feel a surge of power!
Flames lash Ijyb.
Ijyb resists.
Ijyb is heavily wounded.
Ijyb's fire resistance burns away.
The foxfire hits Ijyb but does no damage.
Ijyb is heavily wounded.
Casting: Scorch (safe; 4% risk of failure)
Confirm with . or Enter, or press ? or * to list all spells.
You feel a surge of power!
Flames lash Ijyb.
Ijyb is severely wounded.
Ijyb zaps a wand.
The bolt of light hits you!!
You die...

.... #.#
....######'##
....#.......#
....#.......#
....#.......#
....#.......######
....#.............
.###....############
.'.............g@v.#
.###..).#######.##.#
#.....†.#..........#
#.......#.#####.#..#
#.......#'### #.#..#
###.........# #.# .#
#.........# #.# .#
###..)......# #.# #
............###.##


You could see Ijyb (combustible, ally target).

Vanquished Creatures
  Terence (D:3)
  3 gnolls (D:2)
  2 adders (D:2)
  3 dart slugs
  4 worms (D:2)
  5 endoplasms
  3 giant cockroaches
  3 goblins
  6 hobgoblins
  2 quokkas
  5 ball pythons
  12 bats
  3 frilled lizards
  9 kobolds
  5 rats
66 creatures vanquished.

Vanquished Creatures (others)
  216 foxfires
216 creatures vanquished.

Grand Total: 282 creatures vanquished

Notes
Turn   | Place    | Note
-------+----------+-------------------------------------------
     0 | D:1      | destino the Draconian Fire Elementalist began the quest for
                  | the Orb.
     0 | D:1      | Reached XP level 1. HP: 14/14 MP: 3/3
   197 | D:1      | Reached XP level 2. HP: 16/20 MP: 0/5
   311 | D:1      | Learned a level 2 spell: Scorch
   747 | D:1      | Reached XP level 3. HP: 16/26 MP: 0/6
  1939 | D:2      | Reached XP level 4. HP: 33/33 MP: 0/7
  2079 | D:2      | Reached skill level 4 in Fire Magic
  2132 | D:2      | Learned a level 3 spell: Volatile Blastmotes
  2599 | D:2      | Reached skill level 1 in Translocations
  3155 | D:3      | Noticed Terence
  3193 | D:3      | Killed Terence
  3194 | D:3      | Reached XP level 5. HP: 19/38 MP: 0/8
  3268 | D:3      | Noticed Ijyb
  3292 | D:3      | Killed from afar by Ijyb

Illustrated notes

Levels and vault maps discovered:
D:1:      minmay_arrival_up_and_down, layout_loops_cross, minmay_pentomino_w4
D:2:      cheibrodos_old_hovel, layout_basic, grunt_ministairs_10
D:3:      layout_basic, nicolae_gozag_seed_capital, uniq_ijyb, uniq_terence

Skill      XL: |  1  2  3  4 |
---------------+-------------+-----
Dodging        | 2 |  2.0
Stealth        | 2 |  2.0
Conjurations   | 2 3 |  3.2
Fire Magic     | 4 |  4.3
Translocations | 1 |  1.4
Spellcasting   | |  2.0

Action                     |  1- 3 |  4- 6 || total
---------------------------+-------+-------++-------
  Melee: Unarmed           |    61 |    28 ||    89
         Tailslap          |     8 |     3 ||    11
   Cast: Foxfire           |    70 |    52 ||   122
         Scorch            |     3 |     4 ||     7
         Volatile Blastmot |       |     1 ||     1
    Use: Potion            |       |     1 ||     1
   Stab: Sleeping          |     1 |     1 ||     2
 Armour: Skin              |    34 |    13 ||    47
  Dodge: Dodged            |    64 |    23 ||    87
